 Dungeon Crawl Stone Soup version 0.26.1-11-gd32895ea62 (webtiles) character file.

Game seed: 9281534142164604108

205 metroholografix the Chopper (level 5, 0/49 HPs)
             Began as a Gargoyle Berserker on May 9, 2021.
             Was a Priest of Trog.
             Killed by divine providence
             ... invoked by an orc priest
              (12 damage)
             ... on level 4 of the Dungeon.
             The game lasted 00:15:32 (3126 turns).

metroholografix the Chopper (Gargoyle Berserker)    Turns: 3126, Time: 00:15:33

Health: 0/49       AC: 14    Str: 21    XL:     5   Next: 83%
Magic:  5/5        EV: 10    Int: 14    God:    Trog [***...]
Gold:   169        SH:  0    Dex:  9    Spells: 4/4 levels left

rFire    + . .     SeeInvis .   a - +0 hand axe
rCold    x . .     Faith    .   (no shield)
rNeg     + . .     Spirit   .   r - +0 scale mail
rPois    ∞         Reflect  .   h - +2 helmet
rElec    +         Harm     .   (no cloak)
rCorr    .         Rampage  .   (no gloves)
Will     .....                  (no boots)
Stlth    ..........             (no amulet)
HPRegen  0.16/turn              g - ring of fire
MPRegen  0.09/turn              q - +6 ring of intelligence

@: berserking, very quick
A: negative energy resistance 1, electricity resistance, unbreathing,
petrification resistance, miasma immunity, AC +4
a: Renounce Religion, Berserk, Trog's Hand


You were on level 4 of the Dungeon.
You worshipped Trog.
Trog was most pleased with you.
You visited 1 branch of the dungeon, and saw 4 of its levels.

You collected 169 gold pieces.

Inventory:

Hand Weapons
 a - a +0 hand axe (weapon)
Armour
 h - a +2 helmet (worn)
 r - a +0 scale mail (worn)
Jewellery
 g - a ring of fire (left hand)
 q - a +6 ring of intelligence (right hand)
Wands
 n - a wand of random effects (20)
Scrolls
 c - 3 scrolls of random uselessness
 d - 2 scrolls of fear
 e - a scroll of enchant weapon {unknown}
 f - 3 scrolls of enchant armour {unknown}
 i - a scroll of remove curse {unknown}
 j - a scroll of teleportation
 o - a scroll of noise {unknown}
 s - a scroll of magic mapping {unknown}
 t - a scroll of amnesia {unknown}
Potions
 b - a potion of curing {unknown}
 k - a potion of lignification {unknown}
 l - a potion of degeneration {unknown}
 m - a potion of haste {unknown}
 p - a potion of brilliance {unknown}


   Skills:
 + Level 3.8 Fighting
 + Level 4.3 Axes
 * Level 3.8 Armour
 + Level 2.3 Dodging
 + Level 0.2 Stealth


You had 4 spell levels left.
You didn't know any spells.
Your spell library was empty.

Dungeon Overview and Level Annotations

Branches:
Dungeon (4/15)
 Temple: D:4-7

Altars:
Gozag
Hepliaklqana
Kikubaaqudgha
Nemelex Xobeh
Okawaru
Qazlal
Ru
Trog
Yredelemnul

Shops:
D:4 [

Annotations:
D:4 Grinder


Innate Abilities, Weirdness & Mutations

You are resistant to torment.
Your stone body is resilient. (AC +4)
You are immune to poison.
You resist negative energy. (rN+)
You are resistant to electric shocks. (rElec)
You can survive without breathing.
You are immune to petrification.
You are immune to miasma.


Message History

You hit the orc.
The orc is heavily wounded.
The orc priest calls down the wrath of Beogh upon you.
Beogh smites you! The orc barely misses you.
Your scale mail prevents you from hitting the orc.
The orc is heavily wounded.
The orc priest calls upon Beogh to heal the orc.
The orc's wounds heal themselves!
The orc closely misses you.
You hit the orc.
The orc is almost dead.
The orc hits you but does no damage.
The orc priest calls down the wrath of Beogh upon you.
Beogh smites you!
* * * LOW HITPOINT WARNING * * *
A red film seems to cover your vision as you go berserk!
You feel yourself moving faster!
You feel mighty! The orc hits you but does no damage.
The orc priest invokes the aid of Beogh against you.
Beogh smites you!
You die...

####### #.....#
#.^...# ####.....#
##########........#
#ooo@......##.....#
#..###########.....#
... #.....# #
#.....# ###.### #.#
#.# ###.# #...##


You could see an orc priest and 2 orcs.

Vanquished Creatures
  Ijyb (D:3)
  An orc wizard (D:3)
  A worker ant (D:4)
  3 adders
  3 worms (D:2)
  3 dart slugs
  4 leopard geckos (D:3)
  9 orcs
  2 ball pythons
  4 bats
  11 giant cockroaches
  2 goblins
  9 hobgoblins
  7 jackals (D:3)
  A quokka (D:2)
  4 frilled lizards
  4 kobolds
  6 rats
75 creatures vanquished.

Vanquished Creatures (others)
  4 withered plants (D:3)
4 creatures vanquished.

Grand Total: 79 creatures vanquished

Notes
Turn   | Place    | Note
-------+----------+-------------------------------------------
     0 | D:1      | metroholografix the Gargoyle Berserker began the quest for
                  | the Orb.
     0 | D:1      | Reached XP level 1. HP: 14/14 MP: 1/1
   208 | D:1      | Reached skill level 3 in Axes
   220 | D:1      | Reached XP level 2. HP: 19/19 MP: 2/2
   741 | D:1      | Reached XP level 3. HP: 23/23 MP: 3/3
  1064 | D:2      | Reached ** piety under Trog
  1315 | D:2      | Found a stormy altar of Qazlal.
  1653 | D:2      | Reached XP level 4. HP: 20/29 MP: 4/4
  2050 | D:3      | Reached XP level 5. HP: 33/33 MP: 5/5
  2062 | D:3      | Noticed Ijyb
  2082 | D:3      | Killed Ijyb
  2083 | D:3      | Reached skill level 4 in Axes
  2183 | D:3      | Found a basalt altar of Yredelemnul.
  2291 | D:3      | Found a faded altar of an unknown god.
  2335 | D:3      | Found an opulent altar of Gozag.
  2336 | D:3      | Found an iron altar of Okawaru.
  2337 | D:3      | Found a sparkling altar of Nemelex Xobeh.
  2347 | D:3      | Reached *** piety under Trog
  2393 | D:3      | Found an ancient bone altar of Kikubaaqudgha.
  2402 | D:3      | Found a sacrificial altar of Ru.
  2412 | D:3      | Found a bloodstained altar of Trog.
  2449 | D:3      | Found a hazy altar of Hepliaklqana.
  2852 | D:4      | Found Hek Qisch's Antique Armour Shoppe.
  2882 | D:4      | Noticed Grinder
  2885 | D:4      | Paralysed by Grinder for 6 turns
  2898 | D:4      | Paralysed by Grinder for 5 turns
  3126 | D:4      | Killed from afar by an orc priest

Illustrated notes

Levels and vault maps discovered:
D:1:      ebering_hopf_link, layout_loops_ring
D:2:      layout_rooms, lemuel_crystal_altar
D:3:      layout_rooms, grunt_temple_overflow_octagram,
          yredelemnul_altar_generic, gup_sewer_entry_pipe,
          chequers_ecumenical_altar_simple, uniq_ijyb
D:4:      layout_rooms, minmay_temple_entry_glass, serial_shops,
          nicolae_shop_trees, shop, shop, shop, hangedman_decor_diamond_cutter,
          uniq_grinder

Skill      XL: |  1  2  3  4  5 |
---------------+----------------+-----
Axes           | 3 4 |  4.3
Dodging        | 2 |  2.3
Armour         | 3 |  3.8
Fighting       | |  3.8
Stealth        | |  0.2

Action                   |  1- 3 |  4- 6 || total
-------------------------+-------+-------++-------
Melee: Hand axe          |   133 |   152 ||   285
Invok: Berserk           |     4 |     4 ||     8
       Trog's Hand       |       |     1 ||     1
  Use: Scroll            |     3 |     4 ||     7
Armor: Animal skin       |    51 |    44 ||    95
       Scale mail        |       |    16 ||    16
Dodge: Dodged            |   118 |    91 ||   209
